 Dungeon Crawl Stone Soup version 0.29.0-11-gd7f09526c8 (webtiles) character file.

Game seed: 15383525157835240671

8 snetch the Conjurer (level 2, 0/20 HPs)
             Began as a Draconian Conjurer on Sept 3, 2022.
             Frozen to death by an endoplasm (4 damage)
             ... on level 1 of the Dungeon.
             The game lasted 00:01:15 (561 turns).

snetch the Conjurer (Draconian Conjurer)             Turns: 561, Time: 00:01:16

Health: 0/20       AC:  4    Str:  9    XL:     2   Next: 0%
Magic:  0/5        EV: 12    Int: 18    God:
Gold:   70         SH:  0    Dex:  9    Spells: 4/5 levels left

rFire   . . .      SeeInvis .   g - +0 mace
rCold   . . .      Faith    .   (no shield)
rNeg    . . .      Spirit   .   (body armour unavailable)
rPois   .          Reflect  .   (helmet restricted)
rElec   .          Harm     .   (no cloak)
rCorr   .          Rampage  .   (no gloves)
Will    .....                   (no boots)
Stlth   ++........              (no amulet)
HPRegen 0.06/turn               (no ring)
MPRegen 0.09/turn               (no ring)

@: slowed, very slow
A: AC +4, unfitting armour, cold-blooded
a: no special abilities


You were on level 1 of the Dungeon.
You visited 1 branch of the dungeon, and saw 2 of its levels.

You collected 70 gold pieces.

Inventory:

Hand Weapons
 f - a +0 dagger
 g - a +0 mace (weapon)
Scrolls
 b - a scroll of blinking {unknown}
 c - a scroll of teleportation {unknown}
 e - 2 scrolls of amnesia {unknown}
Potions
 a - a potion of magic
 d - a potion of berserk rage {unknown}


   Skills:
 + Level 1.8 Dodging
 + Level 1.8 Stealth
 + Level 2.0 Spellcasting
 + Level 4.4 Conjurations


You had 4 spell levels left.
You knew the following spells:

 Your Spells              Type           Power      Damage    Failure   Level
a - Magic Dart            Conj           68%        1d6       3%          1

Your spell library contained the following spells:

 Spells                   Type           Power      Damage    Failure   Level
 Searing Ray              Conj           34%        2d5       4%          2
 Dazzling Flash           Conj/Hex       18%        N/A       22%         3
 Fulminant Prism          Conj/Hex       4%         3d6       58%         4
 Iskenderun's Mystic Bla  Conj/Tloc      9%         2d4       58%         4


Dungeon Overview and Level Annotations

Branches:
Dungeon (2/15)

Altars:


Innate Abilities, Weirdness & Mutations

Your plain brown scales are hard. (AC +4)
You cannot fit into any form of body armour.
You are cold-blooded and may be slowed by cold attacks.


Message History

Your magical contamination has completely faded away.
You hit the hobgoblin but do no damage.
The hobgoblin is heavily wounded.
The hobgoblin completely misses you. The hobgoblin hits you.
You hit the hobgoblin.
You kill the hobgoblin!
The dart slug launches a dart at you. The slug dart misses you.
An endoplasm comes into view.
You see here a hobgoblin corpse.
The magic dart hits the dart slug.
The dart slug is heavily wounded.
The endoplasm quivers.
The dart slug launches a dart at you.
The slug dart hits you but does no damage.
You hit the dart slug.
The dart slug is heavily wounded.
The dart slug closely misses you.
You hit the dart slug.
The dart slug is almost dead.
The dart slug launches a dart at you. The slug dart hits you.
You hit the dart slug.
You kill the dart slug!
You have reached level 2!
You hit the endoplasm.
Your tail-slap misses the endoplasm.
The endoplasm is lightly wounded.
The endoplasm freezes you.
You are frozen.
* * * LOW HITPOINT WARNING * * *
You feel yourself slow down. The endoplasm closely misses you.
You hit the endoplasm.
The endoplasm is heavily wounded.
The endoplasm freezes you.
You are frozen.
* * * LOW HITPOINT WARNING * * *
You feel as though you will be slow longer.
The endoplasm freezes you.
You are frozen.
You die...

#..###.##.##...............
# #.##.##...............
#.##.##....#..........
#.##.##......##...###.
..................# #.
#.##.##..###.#....####
.....##..............^
###.#####...............
......J@........#...#.##
##....###..###..#.......
#... #..# #.......### #..
...# #..#....# # ... ....
...#....### ##
..##.##......... #.## ..
#..#..### ..


You could see an endoplasm.

Vanquished Creatures
  A dart slug (D:1)
  A ball python (D:1)
  A goblin (D:1)
  2 hobgoblins (D:1)
5 creatures vanquished.

Notes
Turn   | Place    | Note
-------+----------+-------------------------------------------
     0 | D:1      | snetch the Draconian Conjurer began the quest for the Orb.
     0 | D:1      | Reached XP level 1. HP: 14/14 MP: 3/3
   560 | D:1      | Reached XP level 2. HP: 10/20 MP: 0/5
   561 | D:1      | Frozen to death by an endoplasm

Illustrated notes

Levels and vault maps discovered:
D:1:      saegor_arrival_miasma, layout_basic, minmay_box_of_dots
D:2:      layout_loops_corners

Action                   || total
-------------------------++-------
Melee: Dagger            ||    14
       Mace              ||    11
       Tailslap          ||     1
 Cast: Magic Dart        ||     7
Armor: Skin              ||     6
Dodge: Dodged            ||    14
